 Dungeon Crawl Stone Soup version 0.29-a0-96-g93358da72b (webtiles) character file.

Game seed: 13300913232706519447

79898 siradein the Fighter (level 15, -22/136 HPs)
             Began as a Red Draconian Fighter on Feb 10, 2022.
             Was a Follower of Yredelemnul.
             Annihilated by snackwell's ghost (25 damage)
             ... on level 1 of the Orcish Mines on Feb 11, 2022.
             The game lasted 01:43:19 (28265 turns).

siradein the Fighter (Red Draconian Fighter)       Turns: 28265, Time: 01:43:20

Health: -22/136    AC: 17    Str: 25    XL:     15   Next: 22%
Magic:  0/23       EV: 19    Int:  9    God:    Yredelemnul [*.....]
Gold:   1693       SH:  8    Dex: 19    Spells: 14/14 levels left

rFire   + . .      SeeInvis .   w - +2 scimitar
rCold   . . .      Faith    .   b - +0 buckler
rNeg    . . .      Spirit   +   (armour unavailable)
rPois   .          Reflect  .   a - +1 hat
rElec   .          Harm     .   B - +0 cloak
rCorr   .          Rampage  .   N - +2 pair of gloves
Will    +....                   P - +2 pair of boots
Stlth   ++........              y - amulet of guardian spirit
HPRegen 0.32/turn               o - +4 ring of slaying
MPRegen 0.18/turn               U - ring of Darkness {Str+6 Dex+2 Slay+3}

@: short of breath, studying Translocations
A: breathe fire, AC +9, unfitting armour, fire resistance 1, cold-blooded
a: Breathe Fire, Renounce Religion, Recall Undead Harvest


You were on level 1 of the Orcish Mines.
You worshipped Yredelemnul.
Yredelemnul was aware of your devotion.
You visited 4 branches of the dungeon, and saw 21 of its levels.

You collected 1757 gold pieces.
You spent 64 gold pieces at shops.

Inventory:

Hand Weapons
 w - a +2 scimitar (weapon)
 M - a +3 short sword of venom
Missiles
 i - 50 poisoned darts
 s - 12 curare-tipped darts (quivered)
Armour
 a - a +1 hat (worn)
 b - a +0 buckler (worn)
 t - a scarf of invisibility
 B - a +0 cloak (worn)
 N - a +2 pair of gloves (worn)
 P - a +2 pair of boots (worn)
Jewellery
 l - a +6 ring of intelligence
 n - a ring of willpower
 o - a +4 ring of slaying (left hand)
 q - a ring of positive energy
 y - an amulet of guardian spirit (around neck)
 E - a +4 ring of evasion
 R - an amulet of the acrobat
 U - the ring of Darkness (right hand) {Str+6 Dex+2 Slay+3}
   (You acquired it on level 4 of the Lair of Beasts)

   [ring of strength]

   Str:       It affects your strength (+6).
   Dex:       It affects your dexterity (+2).
   Slay:      It affects your accuracy & damage with ranged weapons and melee
   (+3).
Wands
 d - a wand of flame (17)
 f - a wand of acid (18)
 j - a wand of charming (14)
 H - a wand of digging (7)
 O - a wand of mindburst (13)
 S - a wand of iceblast (10)
Scrolls
 e - 4 scrolls of enchant weapon
 h - 5 scrolls of torment
 k - 3 scrolls of amnesia
 x - 3 scrolls of enchant armour
 C - 5 scrolls of fog
 D - 2 scrolls of summoning
 G - 5 scrolls of blinking
 L - a scroll of immolation
 Q - 2 scrolls of teleportation
Potions
 c - 3 potions of might
 g - 2 potions of magic
 p - 3 potions of haste
 r - 3 potions of ambrosia {unknown}
 u - 3 potions of flight
 v - 2 potions of lignification
 z - 3 potions of heal wounds
 A - 4 potions of resistance {unknown}
 F - 2 potions of brilliance {unknown}
 J - 3 potions of curing
 K - 2 potions of berserk rage {unknown}
 V - 2 potions of cancellation {unknown}
 W - a potion of mutation {unknown}
Miscellaneous
 I - a phial of floods
 T - a phantom mirror


   Skills:
 + Level 13.5 Fighting
 + Level 12.3 Long Blades
 - Level 6.0 Throwing
 + Level 11.5 Dodging
 + Level 12.4 Shields
 + Level 11.8 Invocations
 + Level 5.6 Evocations


You had 14 spell levels left.
You didn't know any spells.
Your spell library contained the following spells:

 Spells                   Type           Power      Damage    Failure   Level
 Freeze                   Ice            0%         1d3       43%         1
 Magic Dart               Conj           0%         1d3       43%         1
 Sting                    Tmut/Pois      0%         1d3       43%         1
 Summon Small Mammal      Summ           0%         N/A       43%         1
 Call Imp                 Summ           0%         N/A       58%         2
 Poisonous Vapours        Pois/Air       0%         N/A       58%         2
 Scorch                   Fire           0%         2d5       58%         2
 Sublimation of Blood     Necr           0%         N/A       58%         2
 Wereblood                Tmut           0%         N/A       58%         2
 Call Canine Familiar     Summ           0%         N/A       82%         3
 Frozen Ramparts          Ice            0%         1d2       82%         3
 Mephitic Cloud           Conj/Pois/Air  0%         N/A       82%         3
 Portal Projectile        Hex/Tloc       0%         N/A       82%         3
 Spider Form              Tmut/Pois      0%         N/A       82%         3
 Summon Guardian Golem    Hex/Summ       0%         N/A       82%         3
 Flame Wave               Conj/Fire      0%         2d4       99%         4
 Hailstorm                Conj/Ice       0%         3d3       99%         4
 Leda's Liquefaction      Hex/Erth       0%         N/A       99%         4
 Olgreb's Toxic Radiance  Pois           0%         N/A       99%         4
 Alistair's Intoxication  Tmut/Pois      0%         N/A       100%        5
 Summon Cactus Giant      Summ           0%         N/A       100%        6
 Malign Gateway           Summ/Tloc      0%         N/A       100%        7
 Summon Hydra             Summ           0%         N/A       100%        7
 Summon Horrible Things   Summ           0%         N/A       100%        8


Dungeon Overview and Level Annotations

Branches:
Dungeon (12/15)            Temple (1/1) D:5            Lair (6/6) D:8
  Swamp (0/4) Lair:3       Spider (0/4) Lair:2        Slime (0/5) Lair:6
    Orc (2/2) D:11            Elf (0/3) Orc:2

Altars:
Ashenzari
Cheibriados
Dithmenos
Elyvilon
Fedhas
Gozag
Hepliaklqana
Kikubaaqudgha
Makhleb
Nemelex Xobeh
Okawaru
Qazlal
Ru
Sif Muna
Trog
Uskayaw
Vehumet
Wu Jian
Xom
Yredelemnul
Zin
The Shining One
Jiyva

Shops:
Orc:2 *(*:[

Annotations:
Orc:1 1 transporter, snackwell's ghost, journeyman TrHu


Innate Abilities, Weirdness & Mutations

You can breathe blasts of fire.
Your fiery red scales are hard. (AC +9)
You cannot fit into any form of body armour.
Your flesh is heat resistant. (rF+)
You are cold-blooded and may be slowed by cold attacks.


Message History

You are too injured to fight recklessly!
Unknown command.
The orc knight hits you with a +0 battleaxe.
The orc knight barely misses your vampire knight.
Your vampire knight gestures at snackwell's ghost while chanting.
Your vampire knight blinks!
You slice the orc knight!! You tail-slap the orc knight!
The orc knight is severely wounded.
The orc knight hits you with a +0 battleaxe!!
* * * LOW HITPOINT WARNING * * *
Unknown command.
Your vampire knight gestures at snackwell's ghost while chanting.
Snackwell's ghost resists with almost no effort.
Your vampire knight mumbles some strange words.
Your vampire knight seems to speed up.
Your vampire knight gestures at the orc knight while chanting.
Your vampire knight blinks!
Your vampire knight hits the orc knight with a +0 broad axe!!
The orc knight dies!
A black mist starts to gather...
Your vampire knight bites your orc knight zombie!
Aiming: Breathe Fire (1% risk of failure)
Press: ? - help, Shift-Dir - straight line, f - snackwell's ghost
Aim: snackwell's ghost (moderately damaged, ally target, 71% to hit)
You breathe a blast of fire.
The fiery breath hits snackwell's ghost.
Snackwell's ghost is moderately damaged.
Your vampire knight barely misses snackwell's ghost.
Your vampire knight bites snackwell's ghost.
Snackwell's ghost hits you!!!
* * * LOW HITPOINT WARNING * * *
Your vampire knight casts a spell.
Your vampire knight flickers and vanishes for a moment.
Your vampire knight hits snackwell's ghost with a +0 broad axe!
Your vampire knight bites snackwell's ghost but does no damage.
Your vampire knight hits snackwell's ghost with a +0 broad axe!!
Your vampire knight bites snackwell's ghost but does no damage.
Snackwell's ghost hits you!!
You die...
Your body rises from the dead as a mindless zombie.

#..............>)).......##
##...............)©.......#
###..........#########...#
##...)..#....##8.)?!$8##..#
#............#...$.....#..#
##.##..#.....#.#.....#.#..#
###....#....#..#.Z)#..#..#
##..#.....#.WV.©....#..#
#...#....#.@#...#..#..#
###.####..#.#.....#.#..#
##....##...#©........#..#
#.....###..##8.....8##).#
##.#...##...#########...#
####...........©..))...#
##.............)...##
##...........))####
##...........#)##


You could see snackwell's ghost (ally target), a friendly vampire knight
(summoned, fast, invisible) and a friendly orc knight zombie.

Vanquished Creatures
  Gastronok (D:10)
  An orc warlord (Orc:1)
  Snorg (D:10)
  Josephine (D:10)
  2 two-headed ogres (D:9)
  A catoblepas (Lair:6)
  2 centaur warriors
  10 death yaks
  Urug (Lair:2)
  Sonja (D:10)
  2 skeletal warriors (D:11)
  Nergalle (D:12)
  A fire crab (Lair:3)
  A lindwurm (Lair:6)
  A deep elf pyromancer (D:12)
  5 orc knights
  2 orc sorcerers
  An ugly thing (D:12)
  Pikel (D:7)
  Maurice (D:8)
  A manticore (Lair:6)
  2 elephants (Lair:6)
  6 black mambas
  5 cane toads
  Maggie (D:6)
  A gargoyle (D:11)
  4 komodo dragons
  A kobold demonologist (D:10)
  3 rime drakes
  3 unseen horrors
  2 trolls (Orc:2)
  2 hornets
  A polar bear (Lair:3)
  Grinder (D:5)
  7 blink frogs
  A tyrant leech (Lair:3)
  5 dream sheep (Lair:6)
  A slime creature (D:7)
  3 shadows
  3 wraiths (D:10)
  2 wyverns
  2 water elementals (D:12)
  A hog (D:12)
  51 yaks
  3 basilisks
  A steam dragon (D:8)
  Eustachio (D:5)
  A two-headed ogre zombie (D:11)
  3 wargs
  A swamp worm (Lair:3)
  Edmund (D:4)
  14 water moccasins
  4 black bears
  2 hornet zombies
  2 necrophages
  22 orc warriors
  5 ogres
  2 phantoms (D:11)
  17 wolves
  8 centaurs
  6 kobold brigands
  9 bullfrogs
  3 scorpions
  A yak zombie (D:8)
  A wyvern skeleton (D:7)
  3 troll zombies (D:11)
  5 killer bees (D:9)
  23 wights
  4 electric eels
  7 centaur zombies
  A bullfrog zombie (D:3)
  A jelly (Lair:6)
  5 hounds
  6 orc priests
  3 centaur skeletons
  3 iguanas
  A gnoll shaman (D:9)
  10 orc wizards
  4 ogre zombies (D:11)
  The ghost of enile the Digger, a weakling OpEE (D:3)
  3 gnolls
  A howler monkey skeleton (D:7)
  9 adders
  A shadow imp (D:7)
  2 white imps
  2 ufetubi (D:5)
  An adder zombie (D:4)
  A worm (D:2)
  The ghost of testman the Sneak, a weakling KoDe (D:4)
  45 orcs
  10 endoplasms
  A giant cockroach (D:4)
  10 goblins
  4 hobgoblins
  21 kobolds
  8 quokkas
  11 ball pythons
  9 bats
  4 frilled lizards
  A goblin skeleton (D:11)
  3 goblin zombies (D:11)
  3 hobgoblin zombies (D:11)
  5 orc skeletons (D:11)
  13 orc zombies (D:11)
  3 rats (D:1)
502 creatures vanquished.

Vanquished Creatures (collateral kills)
  Kirke (D:12)
  An orc warlord (Orc:2)
  6 hydras
  A death knight (D:12)
  A catoblepas (Lair:6)
  5 death yaks
  A two-headed ogre (Orc:2)
  2 orc high priests (Orc:2)
  A skeletal warrior (D:11)
  3 lindwurms (Lair:6)
  2 orc knights
  An orc sorcerer (Orc:2)
  2 manticores
  3 elephants (Lair:6)
  2 black mambas
  4 cane toads
  2 komodo dragons (D:12)
  A troll (Orc:2)
  2 polar bears (Lair:6)
  A tyrant leech (Lair:3)
  3 slime creatures (D:12)
  A dream sheep (Lair:6)
  A blink frog (Lair:6)
  A jumping spider (Lair:2)
  A culicivora (Lair:2)
  A wraith (D:9)
  18 yaks
  2 basilisks
  5 hogs (D:12)
  2 vampire mosquitoes (D:12)
  2 swamp worms (Lair:3)
  4 ogres
  10 orc warriors
  7 wolves
  A centaur (D:9)
  A bullfrog (Lair:2)
  A killer bee (D:9)
  2 electric eels (D:12)
  4 orc priests
  2 orc wizards
  A gnoll (D:9)
  An adder (D:6)
  15 orcs
  2 endoplasms (Lair:6)
  4 kobolds (D:9)
  2 orc zombies
  A fungus (Lair:6)
137 creatures vanquished.

Vanquished Creatures (others)
  A centaur zombie (D:10)
  2 death yak zombies
  A spectral elephant (Lair:6)
  A swamp worm zombie (Lair:3)
  2 black mamba zombies (Lair:6)
  A spectral ogre (Orc:1)
  A spectral torpor snail (Lair:6)
  A tyrant leech zombie (Lair:3)
  A two-headed ogre zombie (D:9)
  2 cane toad zombies
  An elephant zombie (Lair:6)
  3 blink frog zombies
  3 komodo dragon zombies
  A warg zombie (Orc:1)
  A polar bear zombie (Lair:3)
  3 water moccasin zombies
  7 yak zombies
  5 wolf zombies
  3 bullfrog zombies
  A basilisk zombie (Lair:6)
  An ogre zombie (Orc:1)
  2 electric eel zombies
  A spectral white imp (D:6)
  An adder zombie (D:6)
  A gnoll zombie (D:9)
  7 kobold zombies
  31 orc zombies
  2 spectral endoplasms (Lair:6)
  107 fungi
  105 plants
299 creatures vanquished.

Grand Total: 938 creatures vanquished

Notes
Turn   | Place    | Note
-------+----------+-------------------------------------------
     0 | D:1      | siradein the Draconian Fighter began the quest for the Orb.
     0 | D:1      | Reached XP level 1. HP: 19/19 MP: 1/1
   142 | D:1      | Reached XP level 2. HP: 23/26 MP: 2/2
   665 | D:1      | Reached XP level 3. HP: 29/33 MP: 3/3
  1136 | D:2      | Found a bloodstained altar of Trog.
  1428 | D:2      | Reached skill level 1 in Throwing
  1512 | D:2      | Reached XP level 4. HP: 40/40 MP: 4/4
  1895 | D:3      | Found an ornate altar of the Wu Jian Council.
  1943 | D:3      | Reached skill level 4 in Fighting
  2109 | D:3      | Found a transporter.
  2117 | D:3      | Noticed enile's ghost (weakling OpEE)
  2122 | D:3      | Found a transporter.
  2143 | D:3      | Found an ancient bone altar of Kikubaaqudgha.
  2557 | D:3      | Found a faded altar of an unknown god.
  2659 | D:4      | Found a radiant altar of Vehumet.
  2687 | D:4      | Reached XP level 5. HP: 35/46 MP: 5/5
  3121 | D:4      | Found a large runed translucent door.
  3121 | D:4      | Found a large runed translucent door.
  3122 | D:4      | Noticed testman's ghost (weakling KoDe)
  3134 | D:4      | Reached XP level 6. HP: 52/53 MP: 6/6
  3141 | D:4      | Killed testman's ghost
  3461 | D:5      | Entered Level 5 of the Dungeon
  3467 | D:5      | Noticed Edmund
  3525 | D:4      | Killed Edmund
  3526 | D:4      | Your scales start taking on a fiery red colour.
  3526 | D:4      | Reached XP level 7. HP: 23/60 MP: 7/7
  3526 | D:4      | Gained mutation: Your flesh is heat resistant. (rF+) [Red
                  | Draconian growth]
  3719 | D:5      | Noticed Grinder
  3728 | D:5      | Reached skill level 5 in Fighting
  3804 | D:5      | Killed Grinder
  3939 | D:5      | Noticed Eustachio
  3967 | D:5      | Killed Eustachio
  3968 | D:5      | Reached skill level 5 in Shields
  4273 | D:5      | Found a staircase to the Ecumenical Temple.
  4282 | Temple   | Entered the Ecumenical Temple
  4657 | Temple   | Became a worshipper of Yredelemnul the Dark
  4753 | D:6      | Reached XP level 8. HP: 56/69 MP: 8/8
  5140 | D:6      | Noticed Maggie
  5187 | D:6      | Killed Maggie
  5188 | D:6      | Reached skill level 6 in Fighting
  5188 | D:6      | Reached skill level 5 in Long Blades
  5188 | D:6      | Reached skill level 5 in Dodging
  5402 | D:6      | Got the Papyrus of Supportive Toxins
  5499 | D:6      | Found an iron altar of Okawaru.
  5527 | D:6      | Reached * piety under Yredelemnul
  5707 | D:6      | Reached XP level 9. HP: 75/78 MP: 9/9
  6014 | D:7      | Paralysed by a hornet for 2 turns
  6020 | D:7      | Reached skill level 1 in Invocations
  6021 | D:7      | HP: 2/78 [poisoned by a hornet]
  6459 | D:7      | Reached skill level 7 in Fighting
  7030 | D:8      | Noticed Pikel
  7047 | D:7      | Killed Pikel
  7048 | D:7      | Reached skill level 5 in Throwing
  7090 | D:8      | Noticed Maurice
  7281 | D:8      | Killed Maurice
  7282 | D:8      | Reached XP level 10. HP: 65/88 MP: 10/12
  7427 | D:8      | Reached ** piety under Yredelemnul
  7437 | D:8      | Found a staircase to the Lair.
  7443 | D:8      | Reached *** piety under Yredelemnul
  7443 | D:8      | Reached skill level 8 in Fighting
  7547 | D:8      | You fall into a shaft and drop 3 floors!
  7548 | D:11     | Noticed a skeletal warrior
  7548 | D:11     | Noticed a skeletal warrior
  7570 | D:11     | Killed a skeletal warrior
  7575 | D:11     | Noticed a skeletal warrior
  7597 | D:10     | Entered Level 10 of the Dungeon
  7835 | D:10     | Noticed Snorg
  8094 | D:8      | Reached skill level 5 in Invocations
  8290 | D:8      | Found a stormy altar of Qazlal.
  8293 | D:8      | Found a burning altar of Makhleb.
  8744 | D:9      | Reached XP level 11. HP: 58/95 MP: 8/15
  8758 | D:9      | HP: 4/95 [something (6)]
  9334 | D:8      | Found a stormy altar of Qazlal.
  9337 | D:8      | Found a burning altar of Makhleb.
  9447 | D:8      | Found a staircase to the Lair.
  9716 | D:9      | Noticed a two-headed ogre
  9730 | D:9      | Killed a two-headed ogre
  9731 | D:9      | Reached skill level 9 in Fighting
  9970 | D:9      | Noticed a centaur warrior
  9979 | D:9      | Killed a centaur warrior
  9985 | D:9      | HP: 4/145 [centaur (4)]
 10552 | D:9      | Noticed a two-headed ogre
 10557 | D:9      | Killed a two-headed ogre
 11020 | D:9      | Found a shimmering altar of Xom.
 11117 | D:10     | Noticed a centaur warrior
 11135 | D:10     | Killed a centaur warrior
 11582 | D:10     | Killed Snorg
 11659 | D:10     | Noticed Sonja
 13070 | D:10     | Killed Sonja
 13262 | D:10     | Noticed Gastronok
 13295 | D:10     | Killed Gastronok
 13296 | D:10     | Reached skill level 10 in Fighting
 13413 | D:10     | Noticed Josephine
 13426 | D:10     | Killed Josephine
 13427 | D:10     | Reached XP level 12. HP: 32/102 MP: 5/17
 14183 | D:11     | Found a staircase to the Orcish Mines.
 14927 | Lair:1   | Entered Level 1 of the Lair of Beasts
 15357 | D:3      | Killed enile's ghost
 16326 | Lair:2   | Noticed a death yak
 16328 | Lair:2   | Noticed a death yak
 16332 | Lair:2   | Noticed a death yak
 16332 | Lair:2   | Noticed a death yak
 16334 | Lair:2   | Noticed a death yak
 16334 | Lair:2   | Noticed a death yak
 16336 | Lair:2   | Noticed Urug
 16337 | Lair:2   | Killed a death yak
 16436 | Lair:2   | Reached skill level 10 in Shields
 16447 | Lair:2   | Reached skill level 11 in Fighting
 16600 | Lair:2   | Killed Urug
 16601 | Lair:2   | Reached skill level 10 in Long Blades
 16813 | Lair:2   | Killed a death yak
 16816 | Lair:2   | Killed a death yak
 16821 | Lair:2   | Killed a death yak
 16825 | Lair:2   | Killed a death yak
 16974 | Lair:2   | Found a hole to the Spider Nest.
 16984 | Lair:2   | Reached XP level 13. HP: 111/116 MP: 19/19
 18552 | Lair:3   | Reached **** piety under Yredelemnul
 18745 | Lair:3   | Found a staircase to the Swamp.
 19005 | Lair:3   | Reached skill level 10 in Dodging
 19007 | Lair:3   | Reached ***** piety under Yredelemnul
 19012 | Lair:3   | Reached ****** piety under Yredelemnul
 19110 | Lair:3   | Reached skill level 12 in Fighting
 19110 | Lair:3   | Reached skill level 10 in Invocations
 20938 | Lair:4   | Identified a scroll of acquirement
 20939 | Lair:4   | Acquired the ring of Darkness {Str+6 Dex+2 Slay+3}
 21208 | Lair:4   | Reached skill level 1 in Evocations
 22331 | Lair:6   | Entered Level 6 of the Lair of Beasts
 22555 | Lair:6   | Reached XP level 14. HP: 113/127 MP: 17/21
 22932 | Lair:6   | Found a runed translucent door.
 22932 | Lair:6   | Found a viscous altar of Jiyva.
 22933 | Lair:6   | Found a staircase to the Slime Pits.
 24572 | D:12     | Reached skill level 13 in Fighting
 25457 | D:12     | Noticed Nergalle
 25465 | D:12     | Killed Nergalle
 25578 | D:12     | Noticed Kirke
 25640 | D:12     | Killed Kirke
 25987 | D:12     | Found a sacrificial altar of Ru.
 25998 | D:12     | Noticed Erolcha
 26004 | D:12     | Killed Erolcha
 26004 | D:12     | Enslaved Erolcha
 26514 | Orc:1    | Entered Level 1 of the Orcish Mines
 26529 | Orc:1    | Noticed an orc warlord
 26541 | Orc:1    | Killed an orc warlord
 26748 | Orc:2    | Entered Level 2 of the Orcish Mines
 26777 | Orc:2    | Reached skill level 5 in Evocations
 26841 | Orc:2    | Reached XP level 15. HP: 66/136 MP: 14/23
 26874 | Orc:2    | Found Eroimitt's General Store.
 26879 | Orc:2    | Noticed an orc warlord
 26895 | Orc:2    | Killed an orc warlord
 27386 | Orc:2    | Found Isyshruti's Antique Weapon Shop.
 27421 | Orc:2    | Bought a scroll of identify for 24 gold pieces
 27441 | Orc:2    | Found Haus's Book Shop.
 27507 | Orc:2    | Found Ubitry's Assorted Antiques.
 27514 | Orc:2    | Bought a scroll of identify for 40 gold pieces
 27667 | Orc:2    | Found a staircase to the Elven Halls.
 27687 | Orc:2    | Found Gymeysaq's Antique Armour Emporium.
 28020 | Orc:1    | Noticed snackwell's ghost (journeyman TrHu)
 28071 | Orc:1    | Found a transporter.
 28093 | Orc:1    | Found a transporter.
 28097 | Orc:1    | Your ally Erolcha died
 28260 | Orc:1    | HP: 2/136 [snackwell's ghost (31)]
 28265 | Orc:1    | Annihilated by snackwell's ghost

Illustrated notes

Levels and vault maps discovered:
D:1:      dpeg_arrival_rooms_c, layout_basic
D:2:      layout_loops_ring, basic_altar, corexii_corridor_pit,
          minmay_strange_pillars
D:3:      layout_rooms, nicolae_kikubaaqudgha_miasma_corner,
          mainiacjoe_overflow_boulevard, hellmonk_ecumenical_altar_zigzags,
          gammafunk_ghost_mausoleum, minmay_misc_feat_rugged,
          minmay_shallow_snake_nest
D:4:      layout_cave_pools, lemuel_crystal_altar, ebering_ghost_disaster_area,
          grunt_decor_junction, minmay_manual_mail
D:5:      layout_loops_ring, lemuel_temple_firewalk_b, minmay_tree_intersection,
          fountainhead, uniq_eustachio, uniq_edmund, uniq_grinder
D:6:      layout_basic, mainiacjoe_overflow_brackets, serial_bayou_pond_e,
          hex_intersection, uniq_maggie
D:7:      layout_basic, mrwooster_statue_mirror
D:8:      layout_rooms, nicolae_overflow_squiral, due_lair_maze_entry_diamond,
          st_stairs_4, nrook_mini_backslash, uniq_maurice, uniq_pikel
D:9:      minmay_bloctagon, layout_rooms, kennysheep_mini, minmay_circle_x
D:10:     layout_cave_pools, serial_bayou_crossing, uniq_josephine, uniq_snorg,
          uniq_gastronok, uniq_sonja
D:11:     layout_roguey, zombieorc2_lemuel
D:12:     erik_rubicon_a, layout_basic, hangedman_ru_absence, uniq_nergalle,
          uniq_kirke, uniq_erolcha
Temple:   bh_familiar_temple
Lair:1:   layout_chaotic_city, lemuel_fruit_fields
Lair:2:   layout_loops_ring, spider_nest_entry_funnel_web,
          grunt_forest_stairs_basic, uniq_urug
Lair:3:   layout_loops_ring, palyth_hydra_swamp_entry
Lair:4:   layout_small_grid, infiniplex_staircase_pool_2
Lair:5:   layout_misc_corridors, kennysheep_basilisk_garden
Lair:6:   hangedman_lair_in_review, layout_regular_city, slime_altar_2,
          chequers_serial_rivers_micro_a, serial_bayou_shore_b
Orc:1:    layout_caves, gammafunk_ghost_arena
Orc:2:    grunt_orc_gardens, layout_caves, grunt_orc_garden, grunt_orc_garden,
          grunt_orc_garden, grunt_orc_garden, serial_shops, shop_statue

Skill      XL: |  1  2  3  4  5  6  7  8  9 10 11 12 13 14 |
---------------+-------------------------------------------+-----
Dodging        | 3 4 5 6 7 8 9 10 11 | 11.5
Throwing       | 1 2 3 4 5 6 |  6.0
Fighting       | 4 5 6 7 8 10 11 12 13 | 13.5
Long Blades    | 3 4 5 6 7 9 10 11 12 | 12.3
Shields        | 4 5 6 7 8 9 10 11 12 | 12.4
Invocations    | 3 5 7 9 10 11 | 11.8
Evocations     | 2 5 |  5.6

Action                   |  1- 3 |  4- 6 |  7- 9 | 10-12 | 13-15 || total
-------------------------+-------+-------+-------+-------+-------++-------
Melee: Long sword        |    73 |     3 |       |       |       ||    76
       Tailslap          |     7 |    13 |    20 |    99 |   135 ||   274
       Short sword       |    19 |     4 |       |       |       ||    23
       Scimitar          |       |    93 |   158 |   540 |   718 ||  1509
       Unarmed           |       |       |       |       |     7 ||     7
Throw: Dart              |       |     5 |     5 |    12 |     7 ||    29
       Throwing net      |       |     1 |       |       |       ||     1
Invok: Dark Bargain      |       |       |       |     4 |     8 ||    12
       Bind Soul         |       |       |       |       |     5 ||     5
       Drain Life        |       |       |       |       |     2 ||     2
       Recall Undead Har |       |       |       |       |     7 ||     7
 Abil: Breathe Fire      |       |       |    15 |    52 |    20 ||    87
  Use: Scroll            |       |     4 |     1 |     4 |    10 ||    19
       Potion            |       |       |     2 |     4 |     2 ||     8
 Stab: Sleeping          |     1 |     1 |     2 |       |     1 ||     5
       Distracted        |       |       |       |     4 |    12 ||    16
Armor: Skin              |    33 |    30 |    54 |   195 |   215 ||   527
Dodge: Dodged            |    63 |    77 |   123 |   474 |   554 ||  1291
Block: Buckler           |    21 |    29 |    56 |   193 |   269 ||   568

Table legend: (Time is in decaauts)
 A = Elapsed time spent in this place.
 B = Non-inter-level travel time spent in this place.
 C = Inter-level travel time spent in this place.
 D = Time resting spent in this place.
 E = Time spent auto-exploring this place.
 F = Levels seen in this place.
 G = Mean time per level.
                   A        B        C        D        E       F      G
               +--------+--------+--------+--------+--------+-----+--------+
         Total |  28374 |  27344 |   1030 |   4406 |  17784 |  21 | 1351.1 |
       Dungeon |  17406 |  16637 |    769 |   3010 |  10326 |  12 | 1450.5 |
        Temple |    249 |    249 |      0 |      0 |    157 |   1 |  249.0 |
          Lair |   9000 |   8741 |    259 |   1381 |   6000 |   6 | 1500.0 |
  Orcish Mines |   1718 |   1718 |      0 |     15 |   1300 |   2 |  859.0 |
               +--------+--------+--------+--------+--------+-----+--------+

Top non-repeatable levels by time:
     D:9: 2724 daAuts
     D:8: 2416 daAuts
  Lair:6: 2048 daAuts
  Lair:3: 1921 daAuts
    D:12: 1904 daAuts
    D:10: 1852 daAuts
  Lair:4: 1773 daAuts
     D:7: 1485 daAuts
  Lair:2: 1300 daAuts
     D:6: 1293 daAuts
   Orc:2: 1199 daAuts
  Lair:1: 1196 daAuts
     D:4: 1149 daAuts
     D:2: 1102 daAuts
    D:11: 1081 daAuts
